 Dungeon Crawl Stone Soup version 0.23.2-1-ga50397a6bc (webtiles) character file.

Game seed: 17886898522233550250

60 MachJacob the Grave Robber (level 4, 0/33 HPs)
             Began as a Hill Orc Necromancer on Apr 17, 2019.
             Slain by an adder (1 damage)
             ... on level 4 of the Dungeon.
             The game lasted 00:09:28 (2176 turns).

MachJacob the Grave Robber (Hill Orc Necromancer)   Turns: 2176, Time: 00:09:28

Health: 0/33       AC:  3    Str: 10    XL:     4   Next: 6%
Magic:  6/7        EV: 12    Int: 16    God:
Gold:   50         SH:  0    Dex: 11    Spells: 5/7 levels left

rFire    . . .     SeeInvis .   d - +0 club
rCold    . . .     Gourm    .   (no shield)
rNeg     . . .     Faith    .   a - +0 robe
rPois    .         Spirit   .   b - +0 helmet
rElec    .         Reflect  .   (no cloak)
rCorr    .         Harm     .   (no gloves)
MR       .....                  (no boots)
Stlth    ++........             (no amulet)
HPRegen  0.11/turn              (no ring)
MPRegen  0.10/turn              (no ring)

@: lethally poisoned (0 -> -6), very slightly contaminated
A: no striking features
a: no special abilities


You were on level 4 of the Dungeon.
You were not hungry.

You visited 1 branch of the dungeon, and saw 3 of its levels.

You collected 50 gold pieces.

Inventory:

Hand Weapons
 d - a +0 club (weapon)
Armour
 a - a +0 robe (worn)
 b - a +0 helmet (worn)
 j - a +0 robe
Jewellery
 h - an uncursed ring of ice {unknown}
Scrolls
 e - a scroll of teleportation {unknown}
 l - a scroll of enchant armour {unknown}
Potions
 f - a potion of mutation {unknown}
 g - a potion of brilliance {unknown}
 i - a potion of invisibility {unknown}
 m - 2 potions of agility {unknown}
Comestibles
 c - 2 rations
 k - 2 chunks of flesh


   Skills:
 + Level 2.1 Dodging
 + Level 2.3 Stealth
 + Level 2.1 Spellcasting
 + Level 4.4 Necromancy


You had 5 spell levels left.
You knew the following spells:

 Your Spells              Type           Power        Failure   Level  Hunger
a - Pain                  Necr           ###.         3%          1    #......
b - Animate Skeleton      Necr           N/A          3%          1    #......

Your spell library contained the following spells:

 Spells                   Type           Power        Failure   Level  Hunger
 Vampiric Draining        Necr           ###.......   10%         3    ###....
 Regeneration             Chrm/Necr      #.........   26%         3    ###....
 Animate Dead             Necr           N/A          32%         4    #####..


Dungeon Overview and Level Annotations

Branches:
Dungeon (2/15)

Altars:


Message History

The adder poisons you! The adder barely misses you.
An orc wizard comes into view. It is wielding a +0 dagger.
You closely miss the adder.
The adder is lightly wounded.
* * * LOW HITPOINT WARNING * * *
You feel sick. The adder bites you.
* * * LOW HITPOINT WARNING * * *
The adder bites you.
* * * LOW HITPOINT WARNING * * *
You miss the adder.
The adder is lightly wounded.
* * * LOW HITPOINT WARNING * * *
You feel sick.
The orc wizard shouts!
You hear a shout!
The adder bites you but does no damage.
An orc comes into view.
You hear an angry hiss.
The orc wizard looks encouraged for a moment.
The adder bites you.
You die...

#. ..# ## .#.# .
# .#.[.# #..##
#.#.#.# .#..##
...#.#o# ..#..##
#.#.#.#.#.#.#..#
#...#..S#...#
#.#.#.#@#.#
#.#.#.#.#
#o#.#.#.#
..#...#...#
#.#.#.#.#.#..
..#.#.#...#..##
.#.#.# #.#..##
#...# #..##
..#.# .##


You could see an orc wizard and an adder.

Vanquished Creatures
  An adder (D:2)
  An ooze (D:1)
  A worm (D:2)
  A dart slug (D:1)
  2 leopard geckos
  A ball python (D:1)
  A giant cockroach (D:1)
  6 goblins
  3 hobgoblins
  6 jackals (D:1)
  4 kobolds (D:1)
  5 bats
  A frilled lizard (D:1)
  3 rats (D:1)
36 creatures vanquished.

Notes
Turn   | Place    | Note
-------+----------+-------------------------------------------
     0 | D:1      | MachJacob the Hill Orc Necromancer began the quest for the
                  | Orb.
     0 | D:1      | Reached XP level 1. HP: 14/14 MP: 3/3
   251 | D:1      | Reached XP level 2. HP: 18/20 MP: 0/4
   737 | D:1      | Reached XP level 3. HP: 26/26 MP: 3/5
  1913 | D:2      | Reached XP level 4. HP: 21/33 MP: 1/7
  2157 | D:2      | You fall through a shaft for 2 floors!
  2164 | D:4      | Learned a level 1 spell: Animate Skeleton
  2175 | D:4      | HP: 1/33 [poisoned by an adder]
  2176 | D:4      | Slain by an adder

Skill      XL: |  1  2  3 |
---------------+----------+-----
Stealth        | 2 |  2.3
Dodging        | 2 |  2.1
Spellcasting   | 2 |  2.1
Necromancy     | |  4.4

Action                   |  1- 3 |  4- 6 || total
-------------------------+-------+-------++-------
Melee: Club              |    25 |    10 ||    35
 Cast: Pain              |    67 |     5 ||    72
  Eat: Chunk             |     4 |     1 ||     5
Armor: Robe              |     2 |     2 ||     4
Dodge: Dodged            |    27 |     4 ||    31
